 Dungeon Crawl Stone Soup version 0.21-a0-46-gdf2c162 (webtiles) character file.

8497 Duffy the Martial Artist (level 10, 55/72 HPs)
             Began as a Demigod Transmuter on June 7, 2017.
             Quit the game on level 9 of the Dungeon.
             The game lasted 00:17:59 (15468 turns).

Duffy the Martial Artist (Demigod Transmuter)      Turns: 15468, Time: 00:17:59

Health: 55/72      AC:  6    Str: 15    XL:     10   Next: 85%
Magic:  19/19      EV: 17    Int: 19    God:
Gold:   450        SH:  0    Dex: 20    Spells: 8/17 levels left

rFire    . . .     SeeInvis .     - Unarmed
rCold    + . .     Gourm    .   (no shield)
rNeg     + + .     Faith    .   D - +2 robe {rN+}
rPois    +         Spirit   .   (no helmet)
rElec    .         Reflect  .   H - +0 cloak
rCorr    .         Harm     .   O - +0 pair of gloves
MR       +....                  (no boots)
Stlth    +++.......             (no amulet)
Regen    0.3/turn               b - ring of stealth
MPRegen  0.2/turn               p - ring of positive energy

@: no status effects
A: hooves 1, blurry vision 1, cold resistance 1, frail 1, high mp 1, poison
resistance, strong 1, no potion heal 1, MP-powered wands
a: no special abilities


You were on level 9 of the Dungeon.
You were very hungry.

You visited 1 branch of the dungeon, and saw 9 of its levels.

You collected 593 gold pieces.
You spent 143 gold pieces at shops.

Inventory:

Missiles
 a - 178 arrows
Armour
 k - a +0 robe of fire resistance
 D - a +2 robe of positive energy (worn)
 H - a +0 cloak (worn)
 I - the +0 robe of the Constellations {SInv}
   (You took it off a kobold on level 8 of the Dungeon)

   It lets you see invisible.
 O - a +0 pair of gloves (worn)
Jewellery
 b - a ring of stealth (left hand)
 p - a ring of positive energy (right hand)
Wands
 g - a wand of iceblast (8/15)
 l - a wand of flame (31/48)
 o - a wand of enslavement (2/24)
 x - a wand of digging (15/24)
 y - a wand of confusion (19/48)
 F - a wand of random effects (29/48)
 J - a wand of flame (18/48)
 M - a wand of lightning (8/15)
Scrolls
 e - a scroll of teleportation
 m - a scroll of enchant weapon {unknown}
 n - a scroll of fog
 q - a scroll of recharging {unknown}
 r - a scroll of amnesia
 s - 2 scrolls of fear
 t - 5 scrolls of enchant armour
 w - a scroll of blinking {unknown}
 K - a scroll of vulnerability
 N - a scroll of identify
 P - a scroll of remove curse
Potions
 f - 2 potions of heal wounds
 h - a potion of brilliance
 j - a potion of flight
 v - 5 potions of lignification
 z - a potion of berserk rage
 A - a potion of magic
 B - a potion of might
 C - a potion of agility
 E - a potion of resistance
 G - a potion of ambrosia
 L - a potion of cancellation {unknown}
Books
 c - a book of Changes

   Spells                             Type                      Level
   a - Beastly Appendage              Transmutation                1
   b - Sticks to Snakes               Transmutation                2
   c - Spider Form                    Transmutation/Poison         3
   d - Ice Form                       Ice/Transmutation            4
   e - Blade Hands                    Transmutation                5
Comestibles
 d - 6 bread rations
 i - 4 meat rations
 u - 6 fruits


   Skills:
 + Level 5.3 Fighting
 + Level 6.2 Dodging
 - Level 10.0 Unarmed Combat
 - Level 4.0 Spellcasting
 - Level 7.0 Transmutations
 - Level 5.0 Ice Magic
 - Level 2.0 Poison Magic


You had 8 spell levels left.
You knew the following spells:

 Your Spells              Type           Power        Failure   Level  Hunger
b - Sticks to Snakes      Tmut           ####....     1%          2    ##.....
j - Spider Form           Tmut/Pois      ###.......   6%          3    ###....
k - Ice Form              Ice/Tmut       ####....     12%         4    ####...


Dungeon Overview and Level Annotations

Branches:
Dungeon (9/15)             Temple (0/1) D:5
   Lair: D:8-11         Orc: D:9-12

Shops:
D:3 *   D:4 !

Annotations:
D:4 1 transporter
D:5 roguesci's ghost, novice DrTm


Innate Abilities, Weirdness & Mutations

You have an increased reservoir of magic. (+10% MP)
You have large cloven feet.
Scrolls take you a little longer to read.
Your flesh is cold resistant. (rC+)
You are frail. (-10% HP)
Your system is resistant to poisons. (rPois)
Your muscles are strong. (Str +2)
Potions are less effective at restoring your health.
You expend magic power (3 MP) to strengthen your wands.


Message History

You barely miss the orc wizard.
You kick the orc wizard, but do no damage.
The orc wizard is severely wounded.
You hit the orc wizard but do no damage.
Your kick misses the orc wizard.
The orc wizard is severely wounded.
The orc wizard casts a spell at you. The puff of flame hits you!
You hit the orc wizard.
You kick the orc wizard, but do no damage.
You punch the orc wizard.
The orc wizard is severely wounded.
The orc wizard casts a spell at you. The puff of frost misses you.
You hit the orc wizard.
You kick the orc wizard, but do no damage.
The orc wizard is almost dead.
The orc wizard points at you and mumbles some strange words.
The magic dart hits you!
Are you sure you want to abandon this character and quit the game? (Confirm with "yes".)

#............
#............
#............
#............
#..........#
#..........#
#....o.....#
#....@.....#
#..........###
#.............
#......##'.#<
#......# .#
#......# ..
######.# . #.#
#######.#


You could see an orc wizard.

Vanquished Creatures
  Erolcha (D:9)
  A two-headed ogre (D:9)
  A wolf spider zombie (D:9)
  A manticore (D:9)
  Maurice (D:8)
  2 hippogriffs
  2 water moccasins
  2 ice beasts
  3 orc warriors
  6 sky beasts
  A black bear (D:7)
  3 phantoms
  2 necrophages
  4 ogres
  6 centaurs
  3 big kobolds
  Blork the orc (D:6)
  9 bullfrogs
  4 scorpions
  6 killer bees (D:9)
  5 crimson imps
  4 hounds
  A bullfrog zombie (D:7)
  A centaur zombie (D:9)
  9 orc priests
  6 jellies
  4 centaur skeletons
  10 orc wizards
  Natasha (twice) (D:2)
  5 worker ants
  6 iguanas
  A killer bee zombie (D:6)
  A hound skeleton (D:6)
  A worker ant zombie (D:5)
  12 adders
  3 shadow imps
  An ooze (D:2)
  2 adder skeletons (D:6)
  2 worms (D:2)
  A dart slug (D:1)
  6 leopard geckos
  38 orcs
  2 ball pythons (D:3)
  7 bats
  2 giant cockroaches
  16 goblins
  6 hobgoblins
  8 jackals
  20 kobolds
  5 quokkas
  6 frilled lizards
  2 jackal skeletons (D:5)
  A leopard gecko skeleton (D:4)
  3 rats
258 creatures vanquished.

Notes
Turn   | Place    | Note
-------+----------+-------------------------------------------
     0 | D:1      | Duffy the Demigod Transmuter began the quest for the Orb.
     0 | D:1      | Reached XP level 1. HP: 15/15 MP: 5/5
   574 | D:1      | Reached XP level 2. HP: 15/22 MP: 7/7
   684 | D:1      | Reached skill level 3 in Unarmed Combat
  1588 | D:2      | Reached XP level 3. HP: 26/27 MP: 8/8
  1600 | D:2      | Learned a level 2 spell: Sticks to Snakes
  1604 | D:2      | Learned a level 3 spell: Spider Form
  2100 | D:2      | HP: 1/27 [poisoned by an adder]
  2562 | D:2      | Noticed Natasha
  2571 | D:2      | Killed Natasha
  2571 | D:2      | Reached skill level 1 in Poison Magic
  2571 | D:2      | Reached XP level 4. HP: 25/34 MP: 5/9
  2889 | D:2      | Noticed Natasha
  2906 | D:2      | Killed Natasha
  3553 | D:3      | Found a faded altar of an unknown god.
  3592 | D:3      | Reached XP level 5. HP: 33/39 MP: 10/10
  3753 | D:3      | Reached skill level 4 in Unarmed Combat
  3769 | D:3      | Found a glowing silver altar of Zin.
  3770 | D:3      | Found Zin's Purification Station.
  4192 | D:3      | Reached skill level 1 in Fighting
  4923 | D:4      | Found a transporter.
  5069 | D:4      | Reached XP level 6. HP: 43/47 MP: 11/11
  5168 | D:4      | Found a hazy altar of Hepliaklqana.
  5824 | D:4      | Found Poczovoll's Distillery.
  5833 | D:4      | Bought a potion of lignification for 39 gold pieces
  5833 | D:4      | Bought a potion of might for 52 gold pieces
  5833 | D:4      | Bought a potion of agility for 52 gold pieces
  5882 | D:5      | Entered Level 5 of the Dungeon
  6044 | D:5      | Reached skill level 5 in Unarmed Combat
  6304 | D:5      | Noticed roguesci's ghost (novice DrTm)
  6740 | D:5      | Reached XP level 7. HP: 48/55 MP: 13/13
  6825 | D:5      | Found a staircase to the Ecumenical Temple.
  7312 | D:6      | Reached skill level 6 in Unarmed Combat
  7317 | D:6      | Gained mutation: Your body sometimes deteriorates upon taking damage. [mutagenic meat]
  7318 | D:6      | Gained mutation: You are frail. (-10% HP) [mutagenic meat]
  7319 | D:6      | Gained mutation: You have large cloven feet. [mutagenic meat]
  7562 | D:6      | Noticed Blork the orc
  7575 | D:6      | Killed Blork the orc
  7604 | D:6      | Found a shadowy altar of Dithmenos.
  7736 | D:6      | Reached XP level 8. HP: 45/56 MP: 9/14
  7748 | D:6      | Reached skill level 7 in Unarmed Combat
  7856 | D:6      | HP: 2/59 [poisoned by an orc wizard]
  8467 | D:6      | Found a bloodstained altar of Trog.
  8601 | D:7      | Learned a level 4 spell: Ice Form
  8644 | D:7      | Reached skill level 1 in Ice Magic
  8918 | D:7      | Reached skill level 5 in Dodging
  9680 | D:7      | Reached skill level 8 in Unarmed Combat
 10048 | D:7      | Reached XP level 9. HP: 42/63 MP: 8/15
 10370 | D:7      | Found a shimmering altar of Xom.
 10997 | D:8      | Noticed Maurice
 11021 | D:8      | Reached skill level 5 in Transmutations
 11343 | D:7      | Reached skill level 9 in Unarmed Combat
 11532 | D:8      | Killed Maurice
 11794 | D:8      | Found an opulent altar of Gozag.
 11891 | D:8      | Got a twisted robe
 12059 | D:7      | Identified the cursed +0 robe of the Constellations {SInv} (You took it off a kobold on level 8 of the Dungeon)
 12102 | D:8      | Gained mutation: Your system is resistant to poisons. (rPois) [mutagenic meat]
 12103 | D:8      | Gained mutation: Scrolls take you a little longer to read. [mutagenic meat]
 12104 | D:8      | Gained mutation: You expend magic power (3 MP) to strengthen your wands. [mutagenic meat]
 12105 | D:8      | Gained mutation: Your flesh is cold resistant. (rC+) [mutagenic meat]
 12106 | D:8      | Gained mutation: Potions are less effective at restoring your health. [mutagenic meat]
 12132 | D:8      | Reached skill level 5 in Ice Magic
 12272 | D:8      | Found a stormy altar of Qazlal.
 12465 | D:8      | Found a deep blue altar of Sif Muna.
 12484 | D:8      | Identified Sif Muna's Almanac of Flames
 12739 | D:8      | Reached XP level 10. HP: 32/70 MP: 11/17
 13121 | D:9      | Noticed Erolcha
 13147 | D:9      | Killed Erolcha
 13370 | D:9      | Gained mutation: Your muscles are strong. (Str +2) [mutagenic meat]
 13374 | D:9      | Found a glowing golden altar of the Shining One.
 13376 | D:9      | Noticed an angel
 13582 | D:9      | Noticed a manticore
 13702 | D:9      | Killed a manticore
 13703 | D:9      | Reached skill level 10 in Unarmed Combat
 14047 | D:9      | Found a white marble altar of Elyvilon.
 14210 | D:9      | Lost mutation: You expend magic power (3 MP) to strengthen your wands. [mutagenic meat]
 14212 | D:9      | Gained mutation: You expend magic power (3 MP) to strengthen your wands. [mutagenic meat]
 14213 | D:9      | Lost mutation: Your body sometimes deteriorates upon taking damage. [mutagenic meat]
 15119 | D:9      | Noticed a two-headed ogre
 15139 | D:9      | Reached skill level 5 in Fighting
 15140 | D:9      | Killed a two-headed ogre
 15432 | D:9      | Found a blossoming altar of Fedhas.
 15468 | D:9      | Quit the game

Vault maps used:
D:1:      roderic_dead_forest
D:2:      first_bread, minmay_goblin_outpost, uniq_natasha
D:3:      zin_purify, chequers_ecumenical_altar_twisty,
          kennysheep_generic_room_11
D:4:      gammafunk_wand_slinger, nicolae_overflow_crystal_walls, serial_shops,
          nicolae_shop_trees
D:5:      nicolae_ashenzari_panopticon, temple_fountains
D:6:      grunt_dithmenos_smoke_and_mirrors, lightli_temple_of_fire,
          uniq_blork_the_orc
D:7:      xom_butterflies
D:8:      kennysheep_little_box, grunt_gozag_breadcrumbs, led_sif_book,
          uniq_maurice
D:9:      grunt_temple_overflow_open, elyvilon_altar_5,
          grunt_temple_overflow_holy_war, uniq_erolcha

Skill      XL: |  1  2  3  4  5  6  7  8  9 10 |
---------------+-------------------------------+-----
Spellcasting   | 2 4 |  4.0
Transmutations | 2 3 4 6 7 |  7.0
Unarmed Combat | 3 4 5 6 8 9 10 | 10.0
Poison Magic   | 1 2 |  2.0
Dodging        | 2 3 4 5 6 |  6.2
Fighting       | 1 2 3 4 5 |  5.3
Ice Magic      | 2 5 |  5.0

Action                   |  1- 3 |  4- 6 |  7- 9 | 10-12 || total
-------------------------+-------+-------+-------+-------++-------
Melee: Unarmed           |   142 |   247 |   411 |   178 ||   978
       Punch             |     2 |     3 |     3 |     6 ||    14
       Kick              |       |     1 |    30 |    19 ||    50
 Cast: Spider Form       |     1 |    14 |    35 |     9 ||    59
       Beastly Appendage |       |     2 |       |       ||     2
       Ice Form          |       |       |    12 |     6 ||    18
  Use: Scroll            |       |    11 |     6 |     3 ||    20
       Potion            |       |     1 |     2 |     1 ||     4
 Stab: Sleeping          |     3 |     8 |     3 |       ||    14
       Distracted        |     1 |     1 |       |       ||     2
  Eat: Chunk             |     5 |    12 |    32 |    18 ||    67
       Royal jelly       |       |     1 |     2 |       ||     3
Armor: Leather armour    |    25 |    40 |     6 |       ||    71
       Robe              |     2 |       |    11 |     8 ||    21
       Skin              |       |     6 |    17 |    40 ||    63
Dodge: Dodged            |    87 |   180 |   310 |   133 ||   710
